 Dungeon Sprint DCSS version 0.28-a0-313-gbc0475efdd (webtiles) character file.

Game seed: 3364883998804022466

6171 Ankalagon the Warrior (level 10, -4/76 HPs)
             Began as a Gargoyle Fighter on Aug 31, 2021.
             Was an Elder of Yredelemnul.
             Killed by divine providence
             ... invoked by a sphinx
              (12 damage)
             ... while paralysed by a sphinx
             ... in the Dungeon (Sprint II: "The Violet Keep of Menkaure").
             The game lasted 00:06:33 (2318 turns).

Ankalagon the Warrior (Gargoyle Fighter)            Turns: 2318, Time: 00:06:34

Health: -4/76      AC: 21    Str: 19 (22) XL:     10   Next: 91%
Magic:  13/13      EV:  2    Int:  8 (9)  God:    Yredelemnul [****..]
Gold:   424        SH:  0    Dex: 12      Spells: 9/9 levels left

rFire   . . .      SeeInvis +   i - +6 great mace of War {vorpal, *Rage rPois Str+2 SInv}
rCold   . . .      Faith    .   (shield currently unavailable)
rNeg    + . .      Spirit   .   B - +5 scale mail of the Arcane {rPois}
rPois   ∞          Reflect  .   k - +0 helmet {SInv}
rElec   +          Harm     .   (no cloak)
rCorr   .          Rampage  .   (no gloves)
Will    .....      Rnd*Rage +   (no boots) Stlth ..........NoTele +
                                (no amulet)
HPRegen 0.22/turn               f - +4 ring of evasion
MPRegen 0.13/turn               (no ring)

@: paralysed, unable to read
A: sickness immunity, AC +7, negative energy resistance 1, electricity
resistance, torment resistance 1, petrification resistance, deterioration 2,
mutation resistance 1, screaming 1, subdued magic 1, inability to read while
threatened
a: Renounce Religion, Recall Undead Slaves, Injury Mirror, Animate Dead, Drain
Life


You were in the Dungeon.
You worshipped Yredelemnul.
Yredelemnul was greatly pleased with you.
You visited 1 branch You collected 1354 gold pieces.
You spent 930 gold pieces at shops.

Inventory:

Hand Weapons
 a - a +0 flail
 i - the +6 great mace of War (weapon) {vorpal, *Rage rPois Str+2 SInv}
   (You bought it in a shop in the Dungeon)

   It inflicts extra damage upon your enemies.
   Str:       It affects your strength (+2).
   rPois:     It protects you from poison.
   SInv:      It lets you see invisible.
   *Rage:     It may make you go berserk in combat.
Armour
 b - a +0 scale mail
 c - a +0 kite shield
 k - a +0 helmet of see invisible (worn)
 l - the +0 chain mail "Olaatz" {Harm rC+ Int-5 Dex+4}
   (You bought it in a shop in the Dungeon)

   Int:       It affects your intelligence (-5).
   Dex:       It affects your dexterity (+4).
   rC:        It protects you from cold.
   Harm:      It increases damage dealt and taken.
 B - the +5 scale mail of the Arcane (worn) {rPois}
   (You bought it in a shop in the Dungeon)

   rPois:     It protects you from poison.
Jewellery
 f - a +4 ring of evasion (left hand)
 m - a ring of protection from fire
Scrolls
 j - a scroll of blinking
 o - a scroll of fog {unknown}
 q - a scroll of fear {unknown}
 r - a scroll of acquirement {unknown}
 t - 2 scrolls of enchant armour {unknown}
 y - a scroll of brand weapon {unknown}
Potions
 d - a potion of might
 e - 4 potions of curing
 g - 2 potions of haste
 h - 6 potions of magic
 p - 3 potions of resistance
 s - 7 potions of flight
 u - a potion of berserk rage
 v - a potion of brilliance
 w - a potion of attraction {unknown}
 x - 2 potions of lignification
 z - a potion of heal wounds
 A - a potion of invisibility {unknown}


   Skills:
 - Level 15.1 Fighting
 - Level 14.0 Maces & Flails
 + Level 7.6 Armour
 + Level 5.1 Dodging
 - Level 13.9 Shields
 + Level 4.7 Invocations


You had 9 spell levels left.
You didn't know any spells.
Your spell library was empty.

Dungeon Overview and Level Annotations

Branches:
Dungeon (1/1)

Altars:
Cheibriados
Dithmenos
Elyvilon
Fedhas
Gozag
Hepliaklqana
Kikubaaqudgha
Makhleb
Nemelex Xobeh
Okawaru
Qazlal
Ru
Sif Muna
Trog
Uskayaw
Vehumet
Wu Jian
Xom
Yredelemnul
Zin
The Shining One
Beogh
Jiyva
Lugonu

Shops:
D ?:!:==[([(([?!=

Annotations:
D exclusion: oklob plant


Innate Abilities, Weirdness & Mutations

You are immune to sickness and miasma.
Your stone body is resilient. (AC +7)
You are immune to poison.
You resist negative energy. (rN+)
You are resistant to electric shocks. (rElec)
You are resistant to unholy torment.
You are immune to petrification.
Your body often deteriorates upon taking damage.
You are somewhat resistant to further mutation.
You occasionally shout uncontrollably at your foes.
Your spells are a little easier to cast, but a little less powerful.
You sometimes lose the ability to read scrolls when taking damage.


Message History

The walls and floor vibrate strangely for a moment.
HP restored.
You open the door. 2 sphinxes come into view.
The sphinx shouts! x2
Found 162 gold pieces.
You swap places.
Found 54 gold pieces.
The sphinx hits you but does no damage. x2
The sphinx barely misses you. The sphinx completely misses you.
The sphinx hits you but does no damage. The sphinx hits you.
There is an open door here.
The sphinx mumbles some strange words.
You suddenly lose the ability to move!
Your flying skull hits the sphinx!
The sphinx barely misses you. The sphinx hits you but does no damage.
The sphinx completely misses you.
Your flying skull hits the sphinx!
The sphinx hits you but does no damage. x2
The sphinx hits you!
Your body deteriorates!
You feel weakened. The sphinx hits you!
You feel threatened and lose the ability to read scrolls!
Your body deteriorates!
You feel dopey. The sphinx hits you! The sphinx hits you.
The sphinx hits you but does no damage. x3; The sphinx hits you!
Your body deteriorates!
You feel weakened.
The sphinx hits you but does no damage. x2; Your flying skull hits the sphinx!
Your flying skull barely misses the sphinx.
The sphinx mumbles some strange words.
You shrug off the repeated paralysis!
Your flying skull barely misses the sphinx.
The sphinx hits you!
* * * LOW HITPOINT WARNING * * *
Your body deteriorates!
You feel weakened. The sphinx hits you but does no damage. The sphinx hits you.
* * * LOW HITPOINT WARNING * * *
Your flying skull hits the sphinx.
Your flying skull hits the sphinx.
The sphinx hits you but does no damage. x3
Your flying skull barely misses the sphinx.
The sphinx casts a spell.
Something smites you!
You die...
Your body rises from the dead as a mindless zombie.

#▓..(.(...▓▓
#▓.)....(.▓▓
#▓▓▓▓▓▓▓'▓▓▓▓+▓
≈≈≈≈≈≈≈≈...≈≈≈▓
######'###.≈≈≈▓
.....#≈≈§##≈≈≈▓
_....#≈≈§§####▓▓▓▓▓
._...#§§≈§§##..#$$▓
_._..#§§≈§§§#..#@.▓
._._.#§≈§§§§§[zzHH▓
_._._#≈≈≈§§§#§z#z.▓
._._.#≈§≈§≈≈▓..#$$▓
_._..#§§≈≈▓▓▓▓▓▓▓▓▓
######≈§§≈▓
≈≈≈≈≈≈§≈≈≈▓
######≈▓▓▓▓ #▓


You could see 2 sphinxes, 3 friendly flying skulls and a friendly wight.

Vanquished Creatures
  A crystal guardian (D)
  2 death drakes (D)
  A merfolk siren (D)
  2 unseen horrors (D)
  A yaktaur (D)
  3 polar bears (D)
  A hornet (D)
  3 wyverns (D)
  4 neqoxecs (D)
  4 water moccasins (D)
  2 swamp drakes (D)
  5 scorpions (D)
  5 tentacles (D)
34 creatures vanquished.

Vanquished Creatures (collateral kills)
  2 deep trolls (D)
2 creatures vanquished.

Vanquished Creatures (others)
  2 flying skulls (D)
  Menkaure (D)
  A water moccasin (D)
  7 tentacles (D)
11 creatures vanquished.

Grand Total: 47 creatures vanquished

Notes
Turn   | Place    | Note
-------+----------+-------------------------------------------
     0 | D        | Ankalagon the Gargoyle Fighter began the quest for the Orb.
     0 | D        | Reached XP level 1. HP: 14/14 MP: 1/1
     1 | D        | Noticed a scorpion
     1 | D        | Noticed a scorpion
     1 | D        | Noticed a scorpion
     1 | D        | Noticed a scorpion
     8 | D        | Killed a scorpion
     9 | D        | Reached skill level 5 in Maces & Flails
     9 | D        | Reached XP level 2. HP: 14/19 MP: 2/2
     9 | D        | Reached XP level 3. HP: 17/23 MP: 3/3
    11 | D        | Killed a scorpion
    12 | D        | Reached XP level 4. HP: 11/28 MP: 4/4
    15 | D        | Killed a scorpion
    16 | D        | Reached XP level 5. HP: 10/32 MP: 5/5
    18 | D        | Reached XP level 6. HP: 8/37 MP: 6/6
    31 | D        | Killed Menkaure
   168 | D        | Killed a water moccasin
   247 | D        | Noticed a merfolk siren
   275 | D        | Killed a merfolk siren
   276 | D        | Reached skill level 10 in Maces & Flails
   276 | D        | Reached XP level 7. HP: 12/41 MP: 7/7
   498 | D        | Noticed a boulder beetle
   498 | D        | Noticed a boulder beetle
   501 | D        | Noticed a neqoxec
   503 | D        | Noticed a neqoxec
   520 | D        | Killed a neqoxec
   537 | D        | Killed a neqoxec
   566 | D        | Noticed a neqoxec
   571 | D        | Gained mutation: You occasionally shout uncontrollably at
                  | your foes. [a neqoxec]
   578 | D        | Gained mutation: Your body sometimes deteriorates upon
                  | taking damage. [a neqoxec]
   580 | D        | Killed a neqoxec
   581 | D        | Reached XP level 8. HP: 23/46 MP: 8/8
   584 | D        | Gained mutation: You sometimes lose the ability to read
                  | scrolls when taking damage. [a neqoxec]
   585 | D        | Gained mutation: Your spells are a little easier to cast,
                  | but a little less powerful. [a neqoxec]
   586 | D        | Gained mutation: Your body often deteriorates upon taking
                  | damage. [a neqoxec]
   596 | D        | Gained mutation: You are somewhat resistant to further
                  | mutation. [a neqoxec]
   753 | D        | Found Xakyew's Distillery.
   754 | D        | Found Muikounn's Jewellery Shop.
   754 | D        | Found Ankuv's Magic Scroll Boutique.
   754 | D        | Found Amogel's Antique Armour Shop.
   756 | D        | Found Wodyocw's Antique Weapon Shop.
   756 | D        | Found Laahin's Antique Weapon Boutique.
   756 | D        | Found Mexijic's Antique Armour Shop.
   756 | D        | Found Nexzaff's Weapon Boutique.
   757 | D        | Found Seoso's Antique Armour Boutique.
   757 | D        | Found Ollam's Jewellery Boutique.
   757 | D        | Found Paudity's Jewellery Shop.
   757 | D        | Noticed a redback
   758 | D        | Found Vigumaef's Book Boutique.
   758 | D        | Found Ricwur's Distillery.
   758 | D        | Noticed a redback
   758 | D        | Noticed an oklob plant
   805 | D        | Found Qommaoc's Book Shoppe.
   805 | D        | Found Cukoll's Magic Scroll Boutique.
   809 | D        | Noticed a slime creature
   809 | D        | Noticed a slime creature
   810 | D        | Noticed a slime creature
   834 | D        | Bought an iridescent great mace for 333 gold pieces
   834 | D        | Identified the +6 great mace of War {vorpal, *Rage rPois
                  | Str+2 SInv} (You bought it in a shop in the Dungeon)
   844 | D        | Bought a glowing helmet for 172 gold pieces
   844 | D        | Bought a transparent chain mail for 218 gold pieces
   844 | D        | Identified the +0 chain mail "Olaatz" {Harm rC+ Int-5
                  | Dex+4} (You bought it in a shop in the Dungeon)
   874 | D        | Found an iron altar of Okawaru.
   874 | D        | Found a radiant altar of Vehumet.
   874 | D        | Found a glowing silver altar of Zin.
   875 | D        | Found a sparkling altar of Nemelex Xobeh.
   875 | D        | Found a hide-covered altar of Uskayaw.
   875 | D        | Found a basalt altar of Yredelemnul.
   876 | D        | Found an opulent altar of Gozag.
   876 | D        | Found a burning altar of Makhleb.
   876 | D        | Found a bloodstained altar of Trog.
   877 | D        | Found a blossoming altar of Fedhas.
   877 | D        | Found a corrupted altar of Lugonu.
   877 | D        | Found a shimmering blue altar of Sif Muna.
   878 | D        | Found a white marble altar of Elyvilon.
   878 | D        | Found an ancient bone altar of Kikubaaqudgha.
   879 | D        | Found a shadowy altar of Dithmenos.
   879 | D        | Found a viscous altar of Jiyva.
   880 | D        | Found a snail-covered altar of Cheibriados.
   882 | D        | Found a shimmering altar of Xom.
   882 | D        | Found a sacrificial altar of Ru.
   882 | D        | Found a hazy altar of Hepliaklqana.
   882 | D        | Noticed a hornet
   882 | D        | Noticed a polar bear
   882 | D        | Noticed a polar bear
   883 | D        | Found a glowing golden altar of the Shining One.
   883 | D        | Found an ornate altar of the Wu Jian Council.
   883 | D        | Found a stormy altar of Qazlal.
   883 | D        | Noticed a yaktaur
   883 | D        | Noticed a polar bear
   889 | D        | Noticed a flying skull
   889 | D        | Noticed a flying skull
   890 | D        | Noticed a flying skull
   890 | D        | Noticed a flying skull
   891 | D        | Became a worshipper of Yredelemnul the Dark
   891 | D        | Noticed a flying skull
   899 | D        | Killed a polar bear
   900 | D        | Reached skill level 5 in Fighting
   902 | D        | Killed a yaktaur
   903 | D        | Reached skill level 6 in Fighting
   903 | D        | Reached XP level 9. HP: 56/56 MP: 9/9
   905 | D        | Killed a hornet
   905 | D        | Reached * piety under Yredelemnul
   906 | D        | Reached skill level 7 in Fighting
   908 | D        | Killed a polar bear
   909 | D        | Reached skill level 8 in Fighting
   912 | D        | Killed a polar bear
   913 | D        | Reached skill level 9 in Fighting
  1023 | D        | Noticed a death drake
  1023 | D        | Noticed a death drake
  1026 | D        | Noticed a crystal guardian
  1032 | D        | Reached ** piety under Yredelemnul
  1036 | D        | Killed a death drake
  1037 | D        | Reached skill level 12 in Fighting
  1039 | D        | Killed a crystal guardian
  1040 | D        | Reached skill level 13 in Fighting
  1040 | D        | Reached XP level 10. HP: 70/74 MP: 10/10
  1053 | D        | Killed a death drake
  1053 | D        | Reached *** piety under Yredelemnul
  1054 | D        | Reached skill level 14 in Fighting
  1057 | D        | Reached skill level 15 in Fighting
  1295 | D        | Noticed a kraken
  1305 | D        | Reached skill level 1 in Dodging
  2023 | D        | Reached **** piety under Yredelemnul
  2024 | D        | Reached skill level 5 in Armour
  2065 | D        | Bought a faintly humming scale mail for 207 gold pieces
  2065 | D        | Identified the +5 scale mail of the Arcane {rPois} (You
                  | bought it in a shop in the Dungeon)
  2125 | D        | Noticed an unseen horror
  2126 | D        | Noticed an unseen horror
  2127 | D        | Killed an unseen horror
  2128 | D        | Reached skill level 1 in Invocations
  2136 | D        | Killed an unseen horror
  2165 | D        | Received a gift from Yredelemnul (5 flying skulls)
  2165 | D        | Received a gift from Yredelemnul (a wight)
  2168 | D        | Noticed a deep troll
  2169 | D        | Noticed a deep troll
  2176 | D        | Killed a deep troll
  2179 | D        | Killed a deep troll
  2180 | D        | Reached skill level 5 in Dodging
  2312 | D        | Noticed a sphinx
  2312 | D        | Noticed a sphinx
  2314 | D        | Paralysed by a sphinx for 5 turns
  2318 | D        | Killed from afar by a sphinx

Illustrated notes

Levels and vault maps discovered:
D:        the_violet_keep_of_menkaure [sprint2_stairs_cluster_1,
          sprint2_shoproom, sprint2_temple, sprint2_basic_supplies,
          sprint2_obstacle_5, sprint2_obstacle_1, sprint2_obstacle_2,
          sprint2_obstacle_4, sprint2_obstacle_3, sprint2_timed_cluster_1,
          sprint2_smallroom_cluster_1, sprint2_smallroom_final_cluster_1,
          sprint2_transparent_cluster_1, sprint2_second_timed_cluster_1,
          sprint2_sniper_area_1, sprint2_heavy_combat_area_1,
          sprint2_mutation_trap_area_1, sprint2_forest_area_1,
          sprint2_light_combat_area_1, sprint2_behind_water_1,
          sprint2_near_end_vault_1]

Skill      XL: |  1  2  3  4  5  6  7  8  9 10 |
---------------+-------------------------------+-----
Maces & Flails | 5 6 7 8 10 12 13 14 | 14.0
Shields        | 6 7 9 12 13 | 13.9
Fighting       | 6 13 15 | 15.1
Dodging        | 5 |  5.1
Armour         | 7 |  7.6
Invocations    | 4 |  4.7

Action                   |  1- 3 |  4- 6 |  7- 9 | 10-12 || total
-------------------------+-------+-------+-------+-------++-------
Melee: Flail             |     8 |    33 |    86 |       ||   127
       Great mace        |       |       |    29 |    59 ||    88
  Use: Potion            |     1 |       |     1 |       ||     2
       Scroll            |       |       |       |     4 ||     4
 Stab: Distracted        |       |       |     1 |       ||     1
Armor: Scale mail        |     2 |       |    24 |    59 ||    85
Dodge: Dodged            |     1 |     2 |    29 |    51 ||    83
Block: Kite shield       |     2 |     4 |    19 |       ||    25

Table legend: (Time is in decaauts)
 A = Elapsed time spent in this place.
 B = Non-inter-level travel time spent in this place.
 C = Inter-level travel time spent in this place.
 D = Time resting spent in this place.
 E = Time spent auto-exploring this place.
 F = Levels seen in this place.
 G = Mean time per level.
                   A        B        C        D        E       F      G
               +--------+--------+--------+--------+--------+-----+--------+
         Total |   2412 |   2379 |     33 |   1656 |      0 |   1 | 2412.0 |
       Dungeon |   2412 |   2379 |     33 |   1656 |      0 |   1 | 2412.0 |
               +--------+--------+--------+--------+--------+-----+--------+

Top non-repeatable levels by time:
       D: 2412 daAuts
